 Dungeon Crawl Stone Soup version 0.29-b1-11-g2030932060 (webtiles) character file.

Game seed: 1326463824366499870

655 funkygono the Firebug (level 7, 0/39 HPs)
             Began as a Gargoyle Fire Elementalist on Aug 23, 2022.
             Slain by a human zombie (2 damage)
             ... in an ossuary.
             The game lasted 00:08:00 (5203 turns).

funkygono the Firebug (Gargoyle Fire Elementalist)  Turns: 5203, Time: 00:08:01

Health: 0/39       AC: 13    Str: 18    XL:     7   Next: 54%
Magic:  7/13       EV: 11    Int: 17    God:
Gold:   259        SH:  0    Dex: 10    Spells: 0/14 levels left

rFire   . . .      SeeInvis .   o - +1 whip (drain)
rCold   . . .      Faith    .   k - orb {*channel}
rNeg    + . .      Spirit   .   l - +0 ring mail
rPois   ∞          Reflect  .   (no helmet)
rElec   +          Harm     .   v - +2 cloak {Will+}
rCorr   .          Rampage  .   (no gloves)
Will    +....                   (no boots)
Stlth   +.........              (no amulet)
HPRegen 0.13/turn               h - +6 ring of strength
MPRegen 0.13/turn               y - ring of wizardry

@: no status effects
A: sickness immunity, AC +4, negative energy resistance 1, electricity
resistance, torment resistance 1, petrification resistance
a: no special abilities


You were in an ossuary.
You visited 1 branch of the dungeon, and saw 5 of its levels.
You also visited: Ossuary.

You collected 259 gold pieces.

Inventory:

Hand Weapons
 f - a +0 club
 j - a +0 whip
 o - a +1 whip of draining (weapon)
 x - a +0 dire flail of protection
Armour
 a - a +0 robe
 k - an orb of energy (worn)
 l - a +0 ring mail (worn)
 u - a +2 robe of fire resistance
 v - a +2 cloak of willpower (worn)
 z - a +0 leather armour
Jewellery
 h - a +6 ring of strength (left hand)
 y - a ring of wizardry (right hand)
Wands
 n - a wand of iceblast (12)
 t - a wand of polymorph (16)
Scrolls
 c - a scroll of enchant armour
 d - a scroll of blinking
 i - 2 scrolls of teleportation
Potions
 b - 2 potions of magic
 e - 2 potions of curing {unknown}
 g - 4 potions of brilliance
 m - a potion of heal wounds {unknown}
 p - 2 potions of cancellation {unknown}
 q - a potion of might {unknown}


   Skills:
 + Level 1.8 Fighting
 + Level 1.3 Maces & Flails
 + Level 2.3 Armour
 + Level 2.4 Dodging
 + Level 2.7 Stealth
 + Level 4.2 Spellcasting
 + Level 3.3 Conjurations
 + Level 4.9 Fire Magic
 * Level 0.1 Earth Magic


You couldn't memorise any spells.
You knew the following spells:

 Your Spells              Type           Power      Damage    Failure   Level
a - Foxfire               Conj/Fire      68%        2x1d7     1%          1
b - Scorch                Fire           40%        2d7       2%          2
c - Conjure Flame         Conj/Fire      17%        6-21      6%          3
d - Flame Wave            Conj/Fire      17%        2d7       19%         4
e - Sandblast             Erth           8%         2d5       11%         1
f - Stone Arrow           Conj/Erth      18%        3d8       16%         3

Your spell library contained the following spells:

 Spells                   Type           Power      Damage    Failure   Level
 Inner Flame              Hex/Fire       12%        N/A       12%         3
 Passwall                 Tmut/Erth      2%         N/A       16%         2
 Wereblood                Tmut           3%         N/A       16%         2
 Portal Projectile        Hex/Tloc       6%         N/A       32%         3
 Tukima's Dance           Hex            3%         N/A       32%         3
 Blade Hands              Tmut           1%         N/A       95%         5
 Summon Hydra             Summ           1%         N/A       100%        7
 Sublimation of Blood     Necr           Unusable   N/A       N/A         2

Dungeon Overview and Level Annotations

Branches:
Dungeon (5/15)            Ossuary (1/1)
 Temple: D:4-7

Altars:
Hepliaklqana


Innate Abilities, Weirdness & Mutations

You are immune to sickness and miasma.
Your stone body is resilient. (AC +4)
You are immune to poison.
You resist negative energy. (rN+)
You are resistant to electric shocks. (rElec)
You are resistant to unholy torment.
You are immune to petrification.


Message History

Confirm with . or Enter, or press ? or * to list all spells.
You conjure some foxfire!
The elf zombie hits you but does no damage.
The gnoll zombie misses you.
The human zombie hits you but does no damage.
The foxfire hits the gnoll zombie.
The gnoll zombie is heavily damaged.
The foxfire hits the gnoll zombie.
The gnoll zombie is almost destroyed.
Casting: Foxfire (safe; 1% risk of failure)
Confirm with . or Enter, or press ? or * to list all spells.
You conjure some foxfire!
Casting: Foxfire (safe; 1% risk of failure)
Confirm with . or Enter, or press ? or * to list all spells.
You conjure some foxfire!
The foxfire hits the gnoll zombie.
You destroy the gnoll zombie!
The foxfire hits the human zombie.
The human zombie is moderately damaged.
The elf zombie hits you.
* * * LOW HITPOINT WARNING * * *
The human zombie hits you.
* * * LOW HITPOINT WARNING * * *
Casting: Foxfire (safe; 1% risk of failure)
Confirm with . or Enter, or press ? or * to list all spells.
You conjure some foxfire!
The foxfire hits the human zombie.
The human zombie is moderately damaged.
The foxfire hits the elf zombie.
The elf zombie is lightly damaged.
The gnoll zombie closely misses you.
The elf zombie hits you but does no damage.
The human zombie barely misses you.
Your foxfire dissipates!
The foxfire hits the elf zombie but does no damage.
The elf zombie is lightly damaged.
Casting: Foxfire (safe; 1% risk of failure)
Confirm with . or Enter, or press ? or * to list all spells.
You conjure some foxfire!
The gnoll zombie closely misses you.
The elf zombie hits you but does no damage.
The human zombie hits you.
You die...

#### #### ......
.... ...... .....
......#####.....
................
.................
#........v......#
#.......@v......##
.......ZZZ........
........Z.........
..................
........∩.........
........∩.........
..................
..................
..................


You could see a gnoll zombie (ally target), an elf zombie (ally target) and 2
human zombies.

Vanquished Creatures
  Sigmund (D:3)
  Edmund (D:4)
  A scorpion (D:4)
  2 hounds (D:4)
  2 orc priests (D:4)
  An iguana (D:4)
  8 adders
  A worm (D:2)
  3 dart slugs
  An orc (D:4)
  4 ball pythons
  9 endoplasms
  3 giant cockroaches
  3 gnoll zombies (Ossuary)
  10 goblins
  7 hobgoblins
  7 jackals
  4 quokkas
  6 bats
  2 frilled lizards (D:2)
  A hobgoblin zombie (Ossuary)
  2 jackal zombies (Ossuary)
  8 kobolds
  A kobold zombie (Ossuary)
  6 rats
  A rat zombie (Ossuary)
95 creatures vanquished.

Vanquished Creatures (others)
  274 foxfires
  7 plants (D:4)
281 creatures vanquished.

Grand Total: 376 creatures vanquished

Notes
Turn   | Place    | Note
-------+----------+-------------------------------------------
     0 | D:1      | funkygono the Gargoyle Fire Elementalist began the quest
                  | for the Orb.
     0 | D:1      | Reached XP level 1. HP: 10/10 MP: 3/3
   304 | D:1      | Reached XP level 2. HP: 15/15 MP: 1/5
   307 | D:1      | Learned a level 2 spell: Scorch
   769 | D:1      | Found a faded altar of an unknown god.
   843 | D:1      | Reached XP level 3. HP: 19/19 MP: 4/6
   847 | D:1      | Learned a level 3 spell: Conjure Flame
  2010 | D:2      | Reached XP level 4. HP: 24/24 MP: 3/7
  2158 | D:2      | Reached skill level 1 in Armour
  2659 | D:3      | Reached XP level 5. HP: 28/28 MP: 6/9
  2749 | D:3      | Noticed Sigmund
  3022 | D:3      | Killed Sigmund
  3023 | D:3      | Reached skill level 1 in Maces & Flails
  3023 | D:3      | Reached XP level 6. HP: 28/32 MP: 0/11
  3032 | D:3      | Learned a level 4 spell: Flame Wave
  3397 | D:3      | Found a hazy altar of Hepliaklqana.
  3632 | D:3      | Learned a level 1 spell: Sandblast
  3939 | D:4      | Reached skill level 1 in Fighting
  3988 | D:4      | Reached XP level 7. HP: 38/38 MP: 6/12
  4340 | D:4      | Noticed Edmund
  4587 | D:4      | Killed Edmund
  5011 | D:4      | Learned a level 3 spell: Stone Arrow
  5134 | D:5      | Entered Level 5 of the Dungeon
  5156 | D:5      | Found a sand-covered staircase.
  5163 | Ossuary  | Entered an ossuary
  5203 | Ossuary  | Slain by a human zombie

Illustrated notes

Levels and vault maps discovered:
D:1:      tarquinn_simple_flora_water_f, layout_loops_ring,
          hellmonk_ecumenical_altar_leap_of_faith
D:2:      layout_basic
D:3:      layout_basic, old_standard_altar, minmay_cupped, uniq_sigmund
D:4:      layout_rooms, grunt_decor_clamped, serial_bayou_lagoon_a, uniq_edmund
D:5:      layout_loops_cross, mainiacjoe_overflow_swirl,
          overflow_temple_1_default, minmay_temple_entry_offerings,
          chequers_ossuary_entry_cave, hangedman_decor_points
Ossuary:  ossuary_minmay_tomb_2a

Skill      XL: |  1  2  3  4  5  6  7 |
---------------+----------------------+-----
Dodging        | 2 |  2.4
Conjurations   | 2 3 |  3.3
Armour         | 1 2 |  2.3
Maces & Flails | 1 |  1.3
Spellcasting   | 3 4 |  4.2
Fire Magic     | 4 |  4.9
Fighting       | 1 |  1.8
Stealth        | |  2.7
Earth Magic    | |  0.1

Action                   |  1- 3 |  4- 6 |  7- 9 || total
-------------------------+-------+-------+-------++-------
Melee: Unarmed           |    12 |       |     6 ||    18
       Club              |    41 |       |       ||    41
       Punch             |     2 |       |       ||     2
       Whip              |     5 |    35 |    40 ||    80
 Cast: Foxfire           |    53 |    66 |    47 ||   166
       Scorch            |     4 |     7 |     6 ||    17
  Use: Scroll            |       |     5 |     4 ||     9
       Potion            |       |       |     1 ||     1
Armor: Robe              |    39 |       |       ||    39
       Ring mail         |       |    11 |    42 ||    53
Dodge: Dodged            |    81 |    26 |    56 ||   163
